 Dungeon Crawl Stone Soup version 0.30.0-10-gfe55d96785 (webtiles) character file.

Game seed: 13300005043784312586

385 hawla the Firebug (level 7, 0/50 HPs)
             Began as a Meteoran Fire Elementalist on May 14, 2023.
             Slain by an ogre
             ... wielding a +0 giant club
              (25 damage)
             ... on level 5 of the Dungeon.
             The game lasted 00:07:45 (1856 turns).

hawla the Firebug (Meteoran Fire Elementalist)      Turns: 1856, Time: 00:07:46

Health: 0/50       AC:  5    Str:  9    XL:     7   Next: 27%
Magic:  2/16       EV: 13    Int: 19    God:
Gold:   128        SH:  0    Dex: 15    Spells: 13/16 levels left

rFire   . . .        s - +0 morningstar
rCold   . . .        (no shield)
rNeg    . . .        a - +0 robe
rPois   .            r - +0 helmet
rElec   .            p - +0 cloak {Stlth+}
rCorr   .            g - +0 pair of gloves
SInv    .            (no boots)
Will    .....        (no amulet)
Stlth   +            (no ring)
HPRegen 0.28/turn    (no ring)
MPRegen 0.15/turn

%: no passive effects
@: glowing
A: sense surroundings 1, otherworldly, glowing, explore regen
a: no special abilities


You were on level 5 of the Dungeon.
You visited 1 branch of the dungeon, and saw 5 of its levels.

You collected 128 gold pieces.

Inventory:

Hand Weapons
 s - a +0 morningstar (weapon)
Armour
 a - a +0 robe (worn)
 g - a +0 pair of gloves (worn)
 p - a +0 cloak of stealth (worn)
 r - a +0 helmet (worn)
Scrolls
 e - a scroll of blinking
 h - a scroll of vulnerability {unknown}
 i - 4 scrolls of identify {unknown}
 j - 2 scrolls of teleportation {unknown}
 k - 2 scrolls of enchant armour {unknown}
 l - a scroll of immolation {unknown}
 n - a scroll of fog {unknown}
 o - a scroll of magic mapping {unknown}
Potions
 b - 2 potions of magic
 c - a potion of curing {unknown}
 d - a potion of mutation {unknown}
 f - a potion of ambrosia {unknown}
 m - a potion of heal wounds {unknown}


   Skills:
 + Level 3.2 Dodging
 + Level 1.4 Stealth
 + Level 5.4 Spellcasting
 + Level 2.4 Conjurations
 + Level 6.7 Fire Magic


You had 13 spell levels left.
You knew the following spells:

 Your Spells              Type           Power      Damage    Failure   Level
a - Foxfire               Conj/Fire      88%        2x1d8     1%          1
b - Scorch                Fire           60%        2d8       1%          2

Your spell library contained the following spells:

 Spells                   Type           Power      Damage    Failure   Level
 Inner Flame              Hex/Fire       17%        N/A       9%          3
 Volatile Blastmotes      Fire/Tloc      34%        2d12      9%          3
 Apportation              Tloc           10%        N/A       12%         1
 Ensorcelled Hibernation  Hex/Ice        10%        N/A       19%         2
 Flame Wave               Conj/Fire      22%        2d8       19%         4
 Spider Form              Tmut/Pois      5%         N/A       34%         3
 Tukima's Dance           Hex            5%         N/A       34%         3
 Anguish                  Hex/Necr       2%         N/A       75%         4
 Passage of Golubria      Tloc           5%         N/A       75%         4
 Alistair's Intoxication  Tmut/Pois      3%         N/A       97%         5
 Yara's Violent Unravell  Hex/Tmut       2%         3d3       97%         5
 Borgnjor's Revivificati  Necr           2%         N/A       100%        8
 Necromutation            Tmut/Necr      2%         N/A       100%        8
 Death's Door             Necr           2%         N/A       100%        9


Dungeon Overview and Level Annotations

Branches:
Dungeon (5/15) Zot: 1142
 Temple: D:4-7

Altars:
Kikubaaqudgha
Makhleb
Nemelex Xobeh
Ru


Innate Abilities, Weirdness & Mutations

You passively map a small area around you.
You are easily found by Zot.
You glow in the dark.
You regain HP and MP as you explore.


Message History

The adder bites you.
Casting: Scorch (safe; 1% risk of failure)
Confirm with . or Enter, or press ? or * to list all spells.
You conjure some foxfire!
The adder barely misses you.
You closely miss the adder.
The adder is heavily wounded.
The foxfire hits the adder but does no damage.
The adder is heavily wounded.
The foxfire hits the adder.
The adder is severely wounded.
The adder barely misses you. The adder bites you but does no damage.
Casting: Foxfire (safe; 1% risk of failure)
Confirm with . or Enter, or press ? or * to list all spells.
You conjure some foxfire!
The adder barely misses you.
You hit the adder but do no damage.
The adder is severely wounded.
The foxfire hits the adder.
You kill the adder!
The foxfire hits the gnoll bouda.
The gnoll bouda is lightly wounded.
A gnoll comes into view. It is wielding a +0 flail.
The ogre hits you with a +0 giant club!
The gnoll bouda barks out a call to the hunt!
The gnolls pick up the pace!
Casting: Foxfire (safe; 1% risk of failure)
Confirm with . or Enter, or press ? or * to list all spells.
You conjure some foxfire!
Casting: Foxfire (safe; 1% risk of failure)
Confirm with . or Enter, or press ? or * to list all spells.
Flames lash the gnoll bouda.
The gnoll bouda is heavily wounded.
The gnoll bouda's fire resistance burns away.
You hear a shout!
The foxfire hits the ogre.
The ogre is moderately wounded.
The foxfire hits the ogre.
The ogre is moderately wounded.
The ogre hits you with a +0 giant club!!
Ouch! That really hurt!
You die...

* #.# #.# ,
#.# #.# * *
* ** #.#
#.# ,#.#
#.# * #.#
#.# #.#
#.#### #.#
#.....
#ยง##
###### #@)#
* ,, ##O# ,
.....>.g#
.....g.g#
,,
.g......# ,
.[gg#....
....#.#..,,
, .g.
#.#.., , ,
*.. #O#...
, ,


You could see an ogre, a gnoll bouda (combustible) and a gnoll (swift).

Vanquished Creatures
  2 scorpions (D:4)
  Natasha (thrice) (D:2)
  Robin (D:3)
  4 gnolls (D:5)
  5 adders
  5 worms
  3 dart slugs
  3 orcs (D:4)
  3 ball pythons
  2 bats
  4 giant cockroaches
  16 goblins
  6 hobgoblins
  8 jackals (D:2)
  4 kobolds
  2 quokkas
  2 frilled lizards
  3 rats
76 creatures vanquished.

Vanquished Creatures (others)
  147 foxfires
147 creatures vanquished.

Grand Total: 223 creatures vanquished

Notes
Turn   | Place    | Note
-------+----------+-------------------------------------------
     0 | D:1      | hawla the Meteoran Fire Elementalist began the quest for
                  | the Orb.
     0 | D:1      | Reached XP level 1. HP: 14/14 MP: 5/5
    53 | D:2      | Reached skill level 4 in Fire Magic
    53 | D:2      | Reached XP level 2. HP: 20/20 MP: 3/6
   133 | D:2      | Learned a level 2 spell: Scorch
   147 | D:2      | Noticed Natasha
   151 | D:2      | Killed Natasha
   152 | D:2      | Reached XP level 3. HP: 26/26 MP: 1/8
   167 | D:2      | Reached XP level 4. HP: 32/33 MP: 1/9
   281 | D:2      | Noticed Natasha
   288 | D:2      | Killed Natasha
   289 | D:2      | Reached skill level 5 in Fire Magic
   333 | D:2      | Reached XP level 5. HP: 38/38 MP: 7/11
   427 | D:2      | Noticed Natasha
   431 | D:2      | Killed Natasha
   689 | D:3      | Reached XP level 6. HP: 45/45 MP: 9/13
   704 | D:3      | Noticed Robin
   723 | D:3      | Killed Robin
   802 | D:4      | Reached skill level 6 in Fire Magic
   870 | D:4      | Reached skill level 5 in Spellcasting
  1034 | D:4      | Found a burning altar of Makhleb.
  1048 | D:4      | Found a sacrificial altar of Ru.
  1117 | D:4      | Reached XP level 7. HP: 50/50 MP: 11/15
  1147 | D:4      | Found an ancient bone altar of Kikubaaqudgha.
  1178 | D:4      | Found a sparkling altar of Nemelex Xobeh.
  1771 | D:5      | Entered Level 5 of the Dungeon
  1856 | D:5      | Slain by an ogre

Illustrated notes

Levels and vault maps discovered:
D:1:      spicycebolla_arrival_ecumenical, layout_basic, st_stairs_10,
          chequers_jeans
D:2:      layout_basic, uniq_natasha
D:3:      layout_rooms, uniq_jessica, uniq_robin
D:4:      layout_basic, nicolae_overflow_quartered_altars
D:5:      layout_basic, serial_bayou_pond_e, fountainhead

Skill      XL: |  1  2  3  4  5  6 |
---------------+-------------------+-----
Fire Magic     | 4 5 6 |  6.7
Spellcasting   | 3 4 5 |  5.4
Conjurations   | 2 |  2.4
Dodging        | 3 |  3.2
Stealth        | |  1.4

Action                     |  1- 3 |  4- 6 |  7- 9 || total
---------------------------+-------+-------+-------++-------
  Melee: Unarmed           |     1 |    10 |       ||    11
         Morningstar       |       |       |     4 ||     4
   Cast: Foxfire           |    16 |    60 |     9 ||    85
         Scorch            |     2 |    28 |     6 ||    36
    Use: Scroll            |       |     1 |       ||     1
 Armour: Robe              |       |     8 |     1 ||     9
  Dodge: Dodged            |     2 |    16 |     6 ||    24
